 Dungeon Crawl Stone Soup version 0.30-a0-1161-g0704695555 (webtiles) character file.

Game seed: 14038070659734036839

121094 Dirtsage the Severer (level 16, 0/131 HPs)
             Began as a Demonspawn Berserker on Apr 20, 2023.
             Was a High Priest of Trog.
             Shot with an arrow by a naga sharpshooter (17 damage)
             ... on level 2 of the Snake Pit on Apr 27, 2023.
             The game lasted 00:56:31 (25238 turns).

Dirtsage the Severer (Demonspawn Berserker)        Turns: 25238, Time: 00:56:32

Health: 0/131      AC: 28    Str: 25    XL:     16   Next: 31%
Magic:  4/16       EV: 11    Int: 10    God:    Trog [*****.]
Gold:   1321       SH: 19    Dex: 20    Spells: 15/15 levels left

rFire   + . .        e - +6 broad axe (heavy)
rCold   + . .        a - +1 kite shield {reflect}
rNeg    . . .        y - +3 plate armour {rPois}
rPois   +            (helmet restricted)
rElec   +            Q - scarf {rC+ rF+}
rCorr   .            Y - +2 pair of gloves of the Okapi {+Blink rElec Dex+2}
SInv    .            i - +2 pair of boots
Will    ++...        b - amulet of reflection Stlth
                     w - ring of willpower
HPRegen 0.41/turn    T - +4 ring of protection
MPRegen 0.15/turn

%: reflection
@: studying Armour
A: antennae 2, thin skeletal structure 3, demonic guardian 3, spiny 2,
MP-powered wands
a: Renounce Religion, Evoke Blink, Berserk, Trog's Hand, Brothers in Arms


You were on level 2 of the Snake Pit.
You worshipped Trog.
Trog was extremely pleased with you.
You visited 5 branches of the dungeon, and saw 25 of its levels.

You collected 3058 gold pieces.
You spent 1737 gold pieces at shops.

Inventory:

Hand Weapons
 e - a +6 heavy broad axe (weapon)
 H - a +0 antimagic broad axe
 I - the +12 hammer "Icinihy" {protect, rN+ Str+3 Stlth+}
   (You found it on level 7 of the Dungeon)

   Str:       It affects your strength (+3).
   rN:        It protects you from negative energy.
   Stlth:     It makes you more stealthy.
Missiles
 O - 5 curare-tipped darts (quivered)
Armour
 a - a +1 kite shield of reflection (worn)
 i - a +2 pair of boots (worn)
 x - a +0 pair of boots
 y - a +3 plate armour of poison resistance (worn)
 G - the +2 ratskin cloak {*Rats rPois rN+ Str-1 Int-1 Dex+1}
   (You found it on level 6 of the Dungeon)

   *Rats:     When the wearer is hurt, rats may emerge from it to assist them.
   Str:       It affects your strength (-1).
   Int:       It affects your intelligence (-1).
   Dex:       It affects your dexterity (+1).
   rPois:     It protects you from poison.
   rN:        It protects you from negative energy.
 J - a +0 cloak of willpower
 Q - a scarf of resistance (worn)
 R - the +2 plate armour of Peek-a-Boo {Fly rF- rCorr}
   (You bought it in a shop on level 9 of the Dungeon)

   rF:        It makes you vulnerable to fire.
   Fly:       It grants you flight.
   rCorr:     It protects you from acid and corrosion.
 Y - the +2 pair of gloves of the Okapi (worn) {+Blink rElec Dex+2}
   (You acquired it on level 2 of the Lair of Beasts)

   Dex:       It affects your dexterity (+2).
   rElec:     It insulates you from electricity.
   +Blink:    It lets you blink.
Jewellery
 b - an amulet of reflection (around neck)
 w - a ring of willpower (left hand)
 E - a +5 ring of evasion
 N - a ring of positive energy
 P - a ring of poison resistance
 T - a +4 ring of protection (right hand)
 W - a +4 ring of protection
Wands
 h - a wand of mindburst (3)
 m - a wand of flame (27)
 D - a wand of digging (4)
 S - a wand of paralysis (5)
 U - a wand of iceblast (4)
Scrolls
 c - 7 scrolls of immolation
 f - 6 scrolls of poison
 g - 3 scrolls of fear
 j - 4 scrolls of enchant armour
 o - 4 scrolls of fog
 s - 5 scrolls of butterflies
 t - 9 scrolls of teleportation
 u - 4 scrolls of vulnerability
 z - 4 scrolls of magic mapping
 B - 4 scrolls of blinking
 C - 6 scrolls of noise
 K - a scroll of silence
 M - 3 scrolls of amnesia
 X - a scroll of torment
 Z - 2 scrolls of brand weapon
Potions
 d - 7 potions of might
 k - 5 potions of attraction
 l - 9 potions of heal wounds
 n - 3 potions of resistance
 p - 4 potions of brilliance
 q - 12 potions of curing
 r - 3 potions of cancellation
 v - 3 potions of ambrosia
 A - 5 potions of lignification
 F - 5 potions of mutation
 L - a potion of berserk rage
 V - 2 potions of flight


   Skills:
 + Level 13.3 Fighting
 - Level 18.0 Axes
 + Level 10.8 Armour
 + Level 7.7 Dodging
 + Level 12.0 Shields
 + Level 8.1 Evocations


You had 15 spell levels left.
You didn't know any spells.
Your spell library contained the following spells:

 Spells                   Type           Power      Damage    Failure   Level
 Beastly Appendage        Tmut           0%         N/A       99%         1
 Necrotise                Necr           0%         1d4       99%         1
 Sandblast                Erth           0%         2d4       99%         1
 Lesser Beckoning         Tloc           0%         N/A       100%        2
 Passwall                 Tmut/Erth      0%         N/A       100%        2
 Scorch                   Fire           0%         2d5       100%        2
 Sublimation of Blood     Necr           0%         N/A       100%        2
 Wereblood                Tmut           0%         N/A       100%        2
 Gell's Gravitas          Tloc           0%         N/A       100%        3
 Spider Form              Tmut/Pois      0%         N/A       100%        3
 Stone Arrow              Conj/Erth      0%         3d7       100%        3
 Teleport Other           Tloc           0%         N/A       100%        3
 Tukima's Dance           Hex            0%         N/A       100%        3
 Vampiric Draining        Necr           0%         2d6       100%        3
 Vhi's Electric Charge    Tloc/Air       0%         N/A       100%        3
 Anguish                  Hex/Necr       0%         N/A       100%        4
 Animate Armour           Summ/Erth      0%         N/A       100%        4
 Cause Fear               Hex            0%         N/A       100%        4
 Flame Wave               Conj/Fire      0%         2d4       100%        4
 Passage of Golubria      Tloc           0%         N/A       100%        4
 Summon Lightning Spire   Summ/Air       0%         N/A       100%        4
 Agony                    Necr           0%         N/A       100%        5
 Arcjolt                  Conj/Air       0%         1d10      100%        5
 Yara's Violent Unravell  Hex/Tmut       0%         3d3       100%        5
 Conjure Ball Lightning   Conj/Air       0%         3x3d6     100%        6
 Summon Cactus Giant      Summ           0%         N/A       100%        6
 Enfeeble                 Hex            0%         N/A       100%        7
 Storm Form               Tmut/Air       0%         N/A       100%        7
 Summon Hydra             Summ           0%         N/A       100%        7
 Discord                  Hex            0%         N/A       100%        8
 Disjunction              Tloc           0%         N/A       100%        8
 Lehudib's Crystal Spear  Conj/Erth      0%         10d2      100%        8
 Maxwell's Capacitive Co  Air            0%         ∞         100%        8


Dungeon Overview and Level Annotations

Branches:
Dungeon (15/15)            Temple (1/1) D:6            Lair (5/5) D:10
  Swamp (0/4) Lair:3        Snake (2/4) Lair:2        Slime (0/5) Lair:5
    Orc (2/2) D:9             Elf (0/3) Orc:2        Vaults (0/5) D:14
 Depths (0/4) D:15

Altars:
Ashenzari
Cheibriados
Dithmenos
Fedhas
Gozag
Hepliaklqana
Kikubaaqudgha
Makhleb
Nemelex Xobeh
Okawaru
Qazlal
Ru
Sif Muna
Trog
Uskayaw
Vehumet
Wu Jian
Xom
Yredelemnul
Jiyva

Shops:
D:3 =   D:6 :   D:9 [:   D:12 ?   D:13 (   Orc:1 **   Orc:2 *:!*

Portals:
Trove: D:14 (show slimy rune of Zot)

Annotations:
D:10 1 transporter


Innate Abilities, Weirdness & Mutations

You have a pair of antennae on your head.
You have an unnaturally thin skeletal structure. (Dex +6, Stealth+++)
A powerful demonic guardian rushes to your aid.
You are mostly covered in sharp spines.
You expend magic power (3 MP) to strengthen your wands.


Message History

You kill the salamander mystic!
Trog accepts your kill.
Trog appreciates your killing of a magic user.
The naga sharpshooter shoots an arrow.
The arrow hits you!! The salamander misses you.
Your lorocyproca misses the naga sharpshooter.
The naga mage casts a spell at the naga sharpshooter.
The naga sharpshooter seems to grow toxic.
You take 24 damage, and have 49/131 hp.
You chop the naga mage into pieces!!!
You kill the naga mage!
Trog accepts your kill.
Trog appreciates your killing of a magic user.
You hear a shout!
Your lorocyproca disappears in a puff of smoke!
The naga sharpshooter shoots an arrow.
The arrow hits you!
The salamander hits you but does no damage.
You block the shock serpent's attack.
The naga sharpshooter mumbles some strange words.
You take 8 damage, and have 41/131 hp.
You slice the shock serpent!!
The shock serpent is moderately wounded.
The shock serpent's electric aura discharges, shocking you!
You resist.
The salamander hits you from afar with a +0 trident.
* * * LOW HITPOINT WARNING * * *
You are engulfed in flames.
You resist.
* * * LOW HITPOINT WARNING * * *
You block the shock serpent's attack.
A salamander comes into view. It is wielding a +2 halberd.
The naga sharpshooter shoots an arrow.
The arrow hits you!
* * * LOW HITPOINT WARNING * * *
You block the salamander's attack.
You take 25 damage, and have 16/131 hp.
You barely miss the shock serpent.
The shock serpent is moderately wounded.
The shock serpent closely misses you.
The shock serpent bites you but does no damage.
The naga sharpshooter shoots an arrow.
The arrow hits you!
You die...

##....#
.....###
....#.### #
#..>...# ##.
#.....####. ?..
#.......... ..
#..<.###
..###.##......#
......S@).....#
....#N#.......#
# #....)))..##
#..#........
+......§.....
#......N......
.....###......
#. .### ....


You could see a naga sharpshooter (curare), a salamander and a shock serpent.

Vanquished Creatures
  Saint Roka (Orc:2)
  The ghost of Emari the Brawler, an adept TrBe of Trog (Snake:1)
  Josephine (Lair:5)
  A salamander tyrant (Snake:2)
  5 hydras
  Fannar (Lair:2)
  A catoblepas (D:15)
  2 centaur warriors
  2 anacondas (Snake:1)
  4 two-headed ogres
  A death knight (D:11)
  2 alligator snapping turtles (Snake:1)
  5 boulder beetles
  3 alligators (Snake:1)
  4 death yaks
  Erica (Lair:2)
  A tengu warrior (D:9)
  2 naga warriors (Snake:1)
  4 orc high priests (Orc:2)
  A titan zombie (D:15)
  5 shock serpents
  2 naga sharpshooters (Snake:1)
  A flayed ghost (D:15)
  2 skeletal warriors (D:15)
  5 goliath frogs
  A salamander mystic (Snake:2)
  4 bog bodies (Lair:3)
  A wizard (D:14)
  2 sphinx zombies (D:15)
  An orange crystal statue (D:14)
  A phantasmal warrior (D:11)
  A necromancer (D:15)
  2 deep elf pyromancers
  A tengu zombie (D:15)
  7 mana vipers
  A shining eye (shapeshifter) (D:14)
  3 orc sorcerers (Orc:2)
  13 ugly things
  An orc knight (Orc:2)
  3 cyclopes
  A manticore (D:12)
  2 salamanders
  4 guardian serpents (Snake:1)
  Joseph (D:8)
  3 naga magi
  16 elephants
  7 centaur zombies (D:12)
  14 black mambas
  An unseen horror (D:13)
  17 cane toads
  2 gargoyles
  An unseen horror (shapeshifter) (D:14)
  A torpor snail (Lair:1)
  10 komodo dragons
  2 kobold demonologists
  6 rime drakes
  2 tyrant leeches (Lair:5)
  A hornet (D:11)
  8 trolls
  25 blink frogs
  A hornet (shapeshifter) (D:13)
  A snapping turtle (Snake:1)
  A dream sheep (Lair:5)
  A meliai zombie (D:12)
  14 slime creatures
  3 shadows
  10 wraiths
  A wyvern (shapeshifter) (D:14)
  27 yaks
  Eustachio (D:4)
  2 vampires
  5 wyverns
  4 basilisks
  3 unseen horror simulacra (D:9)
  2 steam dragons
  15 vampire mosquitoes
  10 nagas
  2 acid dragons (D:11)
  A warg (Orc:2)
  7 water moccasins
  20 orc warriors
  A sky beast (D:7)
  4 ice beasts
  2 black bears
  An ogre (Orc:2)
  41 wolves
  7 centaurs
  3 phantoms
  A kobold brigand (D:7)
  20 bullfrogs
  A gnoll sergeant (D:8)
  2 scorpions
  11 wights
  16 killer bees
  A troll zombie (D:9)
  6 howler monkeys
  3 electric eels
  A lava snake (D:7)
  4 crimson imps (D:10)
  6 hounds
  18 orc priests
  Crazy Yiuf (D:7)
  4 jellies
  2 sleepcaps
  Natasha (twice) (D:2)
  2 boggart zombies (D:12)
  4 iguanas
  22 orc wizards
  6 hell rats (D:6)
  6 ogre zombies (D:9)
  8 gnolls
  7 adders
  16 river rats (D:6)
  2 white imps
  A howler monkey simulacrum (D:9)
  2 ufetubi
  A worm (D:2)
  2 dart slugs
  44 orcs
  7 bats
  10 endoplasms
  4 giant cockroaches
  13 goblins
  6 hobgoblins
  5 jackals
  5 quokkas
  3 ball pythons
  4 frilled lizards (D:1)
  3 goblin skeletons (D:9)
  A goblin zombie (D:9)
  A hobgoblin skeleton (D:9)
  2 hobgoblin zombies (D:9)
  13 kobolds
  16 orc zombies (D:9)
  6 rats
735 creatures vanquished.

Vanquished Creatures (collateral kills)
  Snorg (Orc:2)
  A hydra (Lair:2)
  A tengu warrior (D:9)
  A bog body (Lair:3)
  An orc sorcerer (Orc:2)
  A salamander (Snake:2)
  A naga mage (Snake:2)
  3 cane toads
  An ice statue (D:14)
  2 trolls (Orc:2)
  A tyrant leech (Lair:5)
  2 yaks
  A vampire mosquito (Lair:5)
  2 acid dragons
  3 nagas
  A wolf (Lair:2)
  A troll zombie (D:9)
  An electric eel (D:9)
  A howler monkey (D:9)
  6 orc priests
  An orc wizard (D:8)
  4 orcs
  An orc zombie (D:9)
  A butterfly (Lair:2)
39 creatures vanquished.

Vanquished Creatures (others)
  An orc priest (Orc:2)
  16 fungi
  79 plants
  5 withered plants (D:15)
101 creatures vanquished.

Grand Total: 875 creatures vanquished

Notes
Turn   | Place    | Note
-------+----------+-------------------------------------------
     0 | D:1      | Dirtsage the Demonspawn Berserker began the quest for the
                  | Orb.
     0 | D:1      | Reached XP level 1. HP: 18/18 MP: 1/1
    67 | D:1      | Reached skill level 3 in Axes
    77 | D:1      | Gained mutation: You are partially covered in sharp spines.
                  | [demonic ancestry]
    77 | D:1      | Reached XP level 2. HP: 12/24 MP: 2/2
   667 | D:1      | Reached ** piety under Trog
   992 | D:2      | Gained mutation: You have a pair of small antennae on your
                  | head. [demonic ancestry]
   992 | D:2      | Reached XP level 3. HP: 28/29 MP: 3/3
  1008 | D:2      | Reached skill level 4 in Axes
  1356 | D:2      | Noticed Natasha
  1365 | D:2      | Killed Natasha
  1366 | D:2      | Gained mutation: You have a pair of antennae on your head.
                  | [demonic ancestry]
  1366 | D:2      | Reached XP level 4. HP: 35/35 MP: 4/4
  1499 | D:2      | Noticed Natasha
  1510 | D:2      | Killed Natasha
  1725 | D:3      | Reached skill level 5 in Axes
  1731 | D:3      | Found Ucoofona's Jewellery Shop.
  1873 | D:3      | Reached XP level 5. HP: 37/41 MP: 5/5
  1922 | D:3      | Reached skill level 6 in Axes
  2118 | D:4      | Gained mutation: You have a somewhat thin skeletal
                  | structure. (Dex +2, Stealth+) [demonic ancestry]
  2118 | D:4      | Reached XP level 6. HP: 47/47 MP: 6/6
  2164 | D:4      | Reached *** piety under Trog
  2361 | D:4      | Reached skill level 7 in Axes
  2595 | D:4      | Reached XP level 7. HP: 37/52 MP: 7/7
  2672 | D:4      | Noticed Eustachio
  2682 | D:4      | Killed Eustachio
  2803 | D:4      | Found a sacrificial altar of Ru.
  2820 | D:4      | Reached skill level 8 in Axes
  3007 | D:5      | Entered Level 5 of the Dungeon
  3144 | D:5      | Found a sparkling altar of Nemelex Xobeh.
  3194 | D:5      | Reached skill level 9 in Axes
  3194 | D:5      | Reached XP level 8. HP: 51/58 MP: 8/8
  3395 | D:5      | Reached **** piety under Trog
  3887 | D:6      | Reached skill level 1 in Shields
  4349 | D:6      | Found a staircase to the Ecumenical Temple.
  4361 | Temple   | Entered the Ecumenical Temple
  4577 | D:6      | Reached skill level 10 in Axes
  4696 | D:6      | Found the +2 ratskin cloak {*Rats rPois rN+ Str-1 Int-1
                  | Dex+1}
  4870 | D:6      | Identified the +3 falchion of Gin and Tonic {heavy, rF+}
  5104 | D:6      | Found Zerghu's Tremendous Tomes.
  5534 | D:7      | Reached XP level 9. HP: 64/66 MP: 9/9
  5751 | D:7      | Found a burning altar of Makhleb.
  5779 | D:7      | Found a runed translucent door.
  5780 | D:7      | Noticed Crazy Yiuf
  5787 | D:7      | Killed Crazy Yiuf
  5825 | D:7      | Identified the +12 hammer "Icinihy" {protect, rN+ Str+3
                  | Stlth+}
  5978 | D:7      | Found a stormy altar of Qazlal.
  6531 | D:8      | Reached skill level 5 in Fighting
  6542 | D:8      | Reached skill level 11 in Axes
  6724 | D:8      | Reached ***** piety under Trog
  7266 | D:8      | Noticed Joseph
  7277 | D:8      | Killed Joseph
  7384 | D:9      | Gained mutation: A weak demonic guardian rushes to your
                  | aid. [demonic ancestry]
  7384 | D:9      | Reached XP level 10. HP: 64/76 MP: 10/10
  7623 | D:9      | Found Vaoxtedgh's Book Boutique.
  7669 | D:9      | Reached skill level 5 in Shields
  7929 | D:9      | Reached skill level 12 in Axes
  8662 | D:9      | Found a staircase to the Orcish Mines.
  8674 | D:9      | You fall into a shaft and drop 3 floors!
  8676 | D:12     | Noticed a cyclops
  8690 | D:12     | Killed a cyclops
  8771 | D:12     | Gained mutation: You are mostly covered in sharp spines.
                  | [demonic ancestry]
  8771 | D:12     | Reached XP level 11. HP: 85/85 MP: 11/11
  8776 | D:12     | Reached skill level 13 in Axes
  9033 | D:12     | Noticed a boulder beetle
  9406 | D:11     | Noticed a six-headed hydra
  9416 | D:11     | Killed a six-headed hydra
  9574 | D:10     | Entered Level 10 of the Dungeon
  9676 | D:10     | Found a snail-covered altar of Cheibriados.
  9683 | D:10     | Found an iron altar of Okawaru.
  9685 | D:10     | Found a blossoming altar of Fedhas.
  9687 | D:10     | Found a shadowy altar of Dithmenos.
  9838 | D:10     | Found a broken altar of Ashenzari.
  9865 | D:10     | Noticed a tengu warrior
  9865 | D:10     | Noticed a necromancer
  9877 | D:10     | Found a transporter.
  9914 | D:10     | Received a gift from Trog
 10039 | D:10     | Found a shimmering altar of Xom.
 10140 | D:10     | Noticed a two-headed ogre
 10160 | D:10     | Killed a two-headed ogre
 10472 | D:10     | Noticed a centaur warrior
 10474 | D:10     | Noticed an eight-headed hydra
 10475 | D:10     | Found a staircase to the Lair.
 10477 | D:10     | Noticed a wolf spider
 10504 | D:9      | Found Oraniapleo's Antique Armour Shoppe.
 10508 | D:9      | Bought an agate-encrusted plate armour for 840 gold pieces
 10508 | D:9      | Identified the +2 plate armour of Peek-a-Boo {Fly rF-
                  | rCorr} (You bought it in a shop on level 9 of the Dungeon)
 10513 | D:9      | Noticed a tengu warrior
 10514 | D:9      | Noticed a tengu warrior
 10527 | D:9      | Killed a tengu warrior
 10528 | D:9      | Reached skill level 14 in Axes
 10530 | D:9      | Killed a tengu warrior
 10812 | D:9      | Found a shimmering blue altar of Sif Muna.
 10992 | D:9      | Found an opulent altar of Gozag.
 11172 | Orc:1    | Entered Level 1 of the Orcish Mines
 11293 | Orc:1    | Found Kahiroleh's General Store.
 11295 | Orc:1    | Found Oxkofim's Specific Store.
 11324 | Orc:2    | Entered Level 2 of the Orcish Mines
 11349 | Orc:2    | Noticed an orc knight
 11362 | Orc:2    | Noticed an orc sorcerer
 11371 | Orc:2    | Killed an orc knight
 11377 | Orc:2    | Killed an orc sorcerer
 11378 | Orc:2    | Gained mutation: You have a moderately thin skeletal
                  | structure. (Dex +4, Stealth++) [demonic ancestry]
 11378 | Orc:2    | Reached XP level 12. HP: 95/95 MP: 12/12
 11386 | Orc:2    | Noticed an orc high priest
 11419 | Lair:1   | Entered Level 1 of the Lair of Beasts
 12117 | Lair:1   | Noticed a death yak
 12135 | Lair:1   | Killed a death yak
 12831 | Lair:2   | Reached skill level 15 in Axes
 12917 | Lair:2   | Noticed Erica
 12926 | Lair:2   | Reached skill level 10 in Fighting
 12934 | Lair:2   | Killed Erica
 13053 | Lair:2   | Upgraded the game from 0.30-a0-1114-gd936c97349 to
                  | 0.30-a0-1116-gebefce21f7
 13110 | Lair:2   | Found a staircase to the Snake Pit.
 13270 | Lair:2   | Noticed Fannar
 13290 | Lair:2   | Noticed a seven-headed hydra
 13299 | Lair:2   | Killed Fannar
 13304 | Lair:2   | Killed a nine-headed hydra
 13313 | Lair:2   | Gained mutation: A demonic guardian rushes to your aid.
                  | [demonic ancestry]
 13313 | Lair:2   | Reached XP level 13. HP: 85/104 MP: 13/13
 13697 | Lair:2   | Identified 3 scrolls of acquirement
 13699 | Lair:2   | Acquired the +2 pair of gloves of the Okapi {+Blink rElec
                  | Dex+2}
 13700 | Lair:2   | Acquired a manual of Armour
 13701 | Lair:2   | Acquired 646 gold pieces
 13902 | Lair:3   | Received a gift from Trog
 13903 | Lair:3   | Reached skill level 1 in Evocations
 14454 | Lair:3   | Reached skill level 16 in Axes
 15184 | Lair:3   | Found a staircase to the Swamp.
 15197 | Lair:3   | Upgraded the game from 0.30-a0-1116-gebefce21f7 to
                  | 0.30-a0-1161-g0704695555
 16400 | Lair:5   | Entered Level 5 of the Lair of Beasts
 16400 | Lair:5   | Found a viscous altar of Jiyva.
 16400 | Lair:5   | Found a staircase to the Slime Pits.
 16470 | Lair:5   | Reached skill level 5 in Armour
 16487 | Lair:5   | Reached skill level 10 in Shields
 16860 | Lair:5   | Reached XP level 14. HP: 113/113 MP: 4/14
 17039 | Lair:5   | Received a gift from Trog
 17172 | Lair:5   | Noticed Josephine
 17184 | Lair:5   | Reached skill level 5 in Dodging
 17187 | Lair:5   | Killed Josephine
 17188 | Lair:5   | Reached skill level 5 in Evocations
 17871 | Orc:2    | Gained mutation: You have hidden genetic defects. [a
                  | neqoxec]
 17924 | Orc:2    | Received a gift from Trog
 18055 | Orc:2    | Found a staircase to the Elven Halls.
 18073 | Orc:2    | Noticed Snorg
 18080 | Orc:2    | Killed Snorg
 18234 | Orc:2    | Noticed Saint Roka
 18267 | Orc:2    | HP: 6/172 [Saint Roka/divine providence (12)]
 18269 | Orc:2    | HP: 1/172 [Saint Roka/divine providence (7)]
 18270 | Orc:2    | Killed Saint Roka
 18284 | Orc:2    | Gained mutation: You are vulnerable to heat. (rF-) [hidden
                  | defects]
 18293 | Orc:2    | Lost mutation: You are vulnerable to heat. (rF-) [potion of
                  | mutation]
 18293 | Orc:2    | Lost mutation: You have hidden genetic defects. [potion of
                  | mutation]
 18293 | Orc:2    | Gained mutation: You expend magic power (3 MP) to
                  | strengthen your wands. [potion of mutation]
 18618 | Orc:2    | Found Soeraxu Opre's Distillery.
 18618 | Orc:2    | Found Wecvac's Assorted Antiques.
 18619 | Orc:2    | Found Zoojaame's Book Emporium.
 18623 | Orc:2    | Found Fashrosi's Assorted Antiques.
 18626 | Orc:2    | Bought a potion of heal wounds for 70 gold pieces
 18626 | Orc:2    | Bought a potion of heal wounds for 70 gold pieces
 18627 | Orc:2    | Bought a scroll of identify for 46 gold pieces
 18627 | Orc:2    | Bought a scroll of identify for 46 gold pieces
 18629 | Orc:2    | Bought a scroll labelled KIOMEG YLE for 20 gold pieces
 18629 | Orc:2    | Bought a scroll of identify for 40 gold pieces
 18630 | Orc:2    | Bought a potion of resistance for 140 gold pieces
 18970 | D:9      | Bought a pair of runed boots for 225 gold pieces
 18970 | D:9      | Bought a glowing scarf for 240 gold pieces
 20219 | D:12     | Found Vahow's Magic Scroll Shoppe.
 20515 | D:12     | Received a gift from Trog
 20519 | D:12     | Gained mutation: A powerful demonic guardian rushes to your
                  | aid. [demonic ancestry]
 20519 | D:12     | Reached XP level 15. HP: 95/122 MP: 5/15
 21038 | D:13     | Reached skill level 17 in Axes
 21505 | D:13     | Found Puugigosch's Antique Weapon Shop.
 21887 | D:14     | Found a gate to the Vaults.
 22253 | D:14     | Found a portal to a secret trove of treasure.
 22670 | D:14     | Saving game... please wait.
 22673 | D:15     | Entered Level 15 of the Dungeon
 22682 | D:15     | Found a staircase to the Depths.
 22850 | D:15     | Reached skill level 18 in Axes
 23283 | D:15     | Received a gift from Trog
 23710 | Snake:1  | Entered Level 1 of the Snake Pit
 23770 | Snake:1  | Found a runed translucent gate.
 23771 | Snake:1  | Found a runed translucent gate.
 23771 | Snake:1  | Found a runed translucent gate.
 23772 | Snake:1  | Noticed Emari's ghost (adept TrBe)
 23812 | Snake:1  | Killed Emari's ghost
 24234 | Snake:1  | Reached skill level 10 in Armour
 24242 | Snake:1  | Gained mutation: You have an unnaturally thin skeletal
                  | structure. (Dex +6, Stealth+++) [demonic ancestry]
 24242 | Snake:1  | Reached XP level 16. HP: 123/130 MP: 16/16
 24769 | Snake:1  | Identified the +0 leather armour of Menouwo {rF+ Dex+2}
 25238 | Snake:2  | Shot with an arrow by a naga sharpshooter

Illustrated notes

Levels and vault maps discovered:
D:1:      grunt_arrival_crossed_arrows, layout_loops_ring
D:2:      layout_basic, uniq_natasha
D:3:      layout_basic, serial_shops, shop
D:4:      corexii_shack_village, layout_basic,
          nicolae_ru_great_annihilating_truth, grunt_decor_fettered,
          minivault_25, uniq_eustachio
D:5:      layout_basic, overflow_temple_1_default
D:6:      wander_guarded_unrand_ratskin, layout_layer_cave,
          minmay_temple_entry_large_hall, nicolae_shop_i_like_big_books
D:7:      layout_loops_ring, grunt_qazlal_clouds, mainiacjoe_overflow_catwalk,
          nicolae_overflow_two_pavilions, uniq_crazy_yiuf_cottage
D:8:      layout_rooms, uniq_joseph
D:9:      layout_roguey, grunt_gozag_breadcrumbs, nicolae_sif_muna_condensation,
          zombieorc2_lemuel, serial_shops, shop, shop, serial_ice, serial_ice_f,
          serial_ice_e, serial_ice_n, serial_ice_d, serial_ice_i, serial_ice_h
D:10:     gammafunk_the_bubble [the_bubble_gammafunk_crates],
          layout_irregular_city, led_xom_imps,
          chequers_temple_overflow_minitemple, mainiacjoe_overflow_brackets,
          lair_entry_dummy, minmay_misc_feat_iff
D:11:     layout_basic
D:12:     layout_irregular_city, serial_undead, serial_undead_a,
          serial_undead_d, serial_undead_f, serial_undead_d, serial_shops, shop,
          kennysheep_donut
D:13:     layout_roguey, serial_shops, shop
D:14:     minmay_separated_statues, layout_long_grid, david_vaults_2,
          nicolae_trove_entry_columns, nicolae_titane
D:15:     gammafunk_depths_entry_grave, layout_rooms, minmay_misc_feat_diagonals
Temple:   hellmonk_temple_of_storms
Lair:1:   layout_loops_ring, bh_autumn_forest_stairs, lemuel_fruit_tree,
          grunt_megastairs_5
Lair:2:   layout_big_grid, minmay_snake_entry_guardpost_small,
          lemuel_fruit_fields, uniq_fannar, uniq_erica
Lair:3:   layout_cave_pods, nicolae_swamp_entry_splash_gauntlet,
          serial_bayou_shore_b
Lair:4:   layout_loops_ring
Lair:5:   minmay_lair_end_frog_pond, layout_big_grid, slime_entry_1,
          grunt_forest_large_clearings, uniq_josephine
Snake:1:  nrook_guardian_serpent_snake_passage, layout_cave_pods,
          ebering_ghost_rock_garden, nicolae_snake_herptile_family_reunion
Snake:2:  layout_misc_corridors, serial_nicolae_subway,
          nicolae_sub_station_stone, nicolae_sub_station_crystal,
          nicolae_sub_station_metal, grunt_megastairs_4, minmay_shoptagon,
          uniq_azrael
Orc:1:    layout_diamond_mine, nicolae_specific_store, uniq_erolcha
Orc:2:    st_orc_mages, layout_caves, basic_altar, uniq_snorg, uniq_saint_roka

Skill      XL: |  1  2  3  4  5  6  7  8  9 10 11 12 13 14 15 16 |
---------------+-------------------------------------------------+-----
Axes           | 3 4 5 6 7 9 10 11 12 14 15 16 18 | 18.0
Shields        | 2 4 6 7 9 10 11 12 | 12.0
Fighting       | 4 6 7 9 10 11 12 13 | 13.3
Armour         | 5 8 10 | 10.8
Dodging        | 4 6 7 |  7.7
Evocations     | 4 6 7 8 |  8.1

Action                     |  1- 3 |  4- 6 |  7- 9 | 10-12 | 13-15 | 16-18 || total
---------------------------+-------+-------+-------+-------+-------+-------++-------
  Melee: Hand axe          |    77 |   112 |   150 |       |       |       ||   339
         Punch             |     2 |     1 |     2 |       |       |       ||     5
         War axe           |       |       |   199 |   549 |    64 |       ||   812
         Mace              |       |       |       |     5 |       |       ||     5
         Broad axe         |       |       |       |       |  1262 |    66 ||  1328
 Invoke: Berserk           |     2 |     3 |     6 |    15 |     8 |       ||    34
         Brothers in Arms  |       |       |       |     2 |     3 |     1 ||     6
         Trog's Hand       |       |       |       |       |     4 |       ||     4
  Evoke: Wand              |       |       |       |       |     1 |       ||     1
    Use: Scroll            |       |       |       |       |    24 |     1 ||    25
         Potion            |       |       |       |       |     9 |       ||     9
   Stab: Sleeping          |     1 |       |       |       |       |       ||     1
         Paralysed         |       |       |     3 |       |       |       ||     3
         Distracted        |       |       |     1 |     2 |     6 |     1 ||    10
 Armour: Animal skin       |     8 |       |       |       |       |       ||     8
         Plate armour      |    15 |    67 |   132 |   198 |   503 |    47 ||   962
  Dodge: Dodged            |    36 |    35 |    63 |    69 |   266 |    31 ||   500
  Block: Other             |       |       |     8 |       |       |       ||     8
         Buckler           |       |       |   113 |    17 |       |       ||   130
         Reflection        |       |       |     6 |     5 |    19 |     7 ||    37
         Kite shield       |       |       |       |   395 |  1175 |    77 ||  1647

Table legend: (Time is in decaauts)
 A = Elapsed time spent in this place.
 B = Non-inter-level travel time spent in this place.
 C = Inter-level travel time spent in this place.
 D = Time resting spent in this place.
 E = Time spent auto-exploring this place.
 F = Levels seen in this place.
 G = Mean time per level.
                   A        B        C        D        E       F      G
               +--------+--------+--------+--------+--------+-----+--------+
         Total |  25386 |  24206 |   1180 |   3822 |  16228 |  25 | 1015.4 |
       Dungeon |  16003 |  15316 |    687 |   2676 |  10153 |  15 | 1066.9 |
        Temple |     43 |     37 |      6 |      0 |     28 |   1 |   43.0 |
          Lair |   6483 |   6144 |    339 |    942 |   4168 |   5 | 1296.6 |
     Snake Pit |   1562 |   1464 |     98 |    161 |   1014 |   2 |  781.0 |
  Orcish Mines |   1293 |   1244 |     49 |     43 |    864 |   2 |  646.5 |
               +--------+--------+--------+--------+--------+-----+--------+

Top non-repeatable levels by time:
     D:9: 1765 daAuts
  Lair:3: 1744 daAuts
     D:6: 1695 daAuts
 Snake:1: 1536 daAuts
    D:12: 1535 daAuts
  Lair:1: 1522 daAuts
    D:10: 1344 daAuts
  Lair:5: 1177 daAuts
     D:7: 1167 daAuts
   Orc:2: 1126 daAuts
    D:14: 1101 daAuts
  Lair:4: 1081 daAuts
     D:8: 1068 daAuts
    D:11: 1003 daAuts
  Lair:2: 958 daAuts
